 Dungeon Crawl Stone Soup version 0.27.1-3-gb3d3a73c9e (webtiles) character file.

Game seed: 9565187618156286354

9139 Crownlay the Cleaver (level 11, -4/99 HPs)
             Began as a Hill Orc Fighter on Oct 6, 2021.
             Was a Priest of Okawaru.
             Killed from afar by Erolcha (19 damage)
             ... with a fireball
             ... on level 9 of the Dungeon.
             The game lasted 00:20:59 (14460 turns).

Crownlay the Cleaver (Hill Orc Fighter)            Turns: 14460, Time: 00:20:59

Health: -4/99      AC: 14    Str: 23    XL:     11   Next: 41%
Magic:  14/15      EV: 26    Int:  8    God:    Okawaru [***...]
Gold:   461        SH:  0    Dex: 10    Spells: 10/10 levels left

rFire    . . .     SeeInvis +   a - +0 war axe
rCold    . . .     Faith    .   (no shield)
rNeg     . . .     Spirit   .   b - +0 scale mail
rPois    .         Reflect  .   (no helmet)
rElec    .         Harm     .   o - +2 cloak
rCorr    .         Rampage  .   n - +0 pair of gloves
Will     .....                  C - +0 pair of boots
Stlth    +.........             m - amulet of the acrobat
HPRegen  0.26/turn              f - ring of see invisible
MPRegen  0.14/turn              (no ring)

@: heroic, acrobatic
A: no striking features
a: Renounce Religion, Heroism


You were on level 9 of the Dungeon.
You worshipped Okawaru.
Okawaru was most pleased with you.
You visited 2 branches of the dungeon, and saw 11 of its levels.
You visited the Abyss 1 time.

You collected 487 gold pieces.
You spent 26 gold pieces at shops.

Inventory:

Hand Weapons
 a - a +0 war axe (weapon)
 E - a +2 flail of protection
Armour
 b - a +0 scale mail (worn)
 c - a +0 kite shield
 n - a +0 pair of gloves (worn)
 o - a +2 cloak (worn)
 C - a +0 pair of boots (worn)
 D - the +2 cloak of the Thief {*Fog Slay-2 SInv Stlth+}
   (You found it on level 9 of the Dungeon)

   It may release a thick cloud of smoke when the wearer is hurt.
   Slay:      It affects your accuracy & damage with ranged weapons and melee
   (-2).
   SInv:      It lets you see invisible.
   Stlth:     It makes you more stealthy.
Jewellery
 f - a ring of see invisible (left hand)
 m - an amulet of the acrobat (around neck)
 I - a ring of protection from cold
Wands
 w - a wand of flame (13)
 y - a wand of iceblast (9)
 G - a wand of mindburst (7)
Scrolls
 e - 2 scrolls of enchant armour
 g - a scroll of noise
 j - a scroll of immolation
 k - 4 scrolls of amnesia
 l - 2 scrolls of silence
 r - a scroll of identify
 t - a scroll of brand weapon {unknown}
 x - 3 scrolls of teleportation
 z - a scroll of blinking {unknown}
 B - 5 scrolls of vulnerability
 F - a scroll of fear {unknown}
Potions
 d - 5 potions of flight {unknown}
 h - a potion of magic {unknown}
 p - 5 potions of degeneration {unknown}
 q - a potion of resistance {unknown}
 s - 4 potions of brilliance {unknown}
 u - a potion of attraction {unknown}
 v - a potion of curing
 A - a potion of mutation {unknown}
 H - a potion of lignification {unknown}


   Skills:
 - Level 10.0(15.0) Fighting
 - Level 14.0(19.0) Axes
 - Level 3.2(8.2) Armour
 * Level 11.4(16.4) Shields
 + Level 6.3 Invocations


You had 10 spell levels left.
You didn't know any spells.
Your spell library contained the following spells:

 Spells                   Type           Power      Damage    Failure   Level
 Dazzling Flash           Conj/Hex       0%         N/A       96%         3
 Gell's Gravitas          Tloc           0%         N/A       96%         3
 Teleport Other           Tloc           0%         N/A       96%         3
 Iskenderun's Mystic Bla  Conj/Tloc      0%         2d3       100%        4
 Dispersal                Tloc           0%         N/A       100%        6
 Starburst                Conj/Fire      0%         6d3       100%        6


Dungeon Overview and Level Annotations

Branches:
Dungeon (10/15)            Temple (1/1) D:7            Lair (0/6) D:10
    Orc: D:9-12

Altars:
Cheibriados
Dithmenos
Elyvilon
Fedhas
Hepliaklqana
Kikubaaqudgha
Makhleb
Okawaru
Ru
Vehumet
Wu Jian
Xom
Yredelemnul
Zin
The Shining One

Shops:
D:1 :(**!   D:8 !

Annotations:
D:9 exclusion: downstairs, Erolcha


Message History

You slash Erolcha!
Erolcha is moderately wounded.
You slash Erolcha!
Erolcha is heavily wounded.
Erolcha casts a spell.
Erolcha blinks!
Erolcha gestures wildly while chanting.
Erolcha flickers and vanishes for a moment.
You hit Erolcha but do no damage. You punch Erolcha, but do no damage.
Erolcha is heavily wounded.
Erolcha hits you but does no damage.
You barely miss Erolcha.
Erolcha is heavily wounded.
You closely miss Erolcha.
Erolcha is heavily wounded.
Erolcha hits you with a +7 giant club!
You are too injured to fight recklessly!
You are too injured to fight recklessly!
You are too injured to fight recklessly!
You are too injured to fight recklessly!
You slash Erolcha! You punch Erolcha, but do no damage.
Erolcha is severely wounded.
Erolcha hits you with a +7 giant club!
You hit Erolcha.
Erolcha is severely wounded.
You hit Erolcha but do no damage.
Erolcha is severely wounded.
Erolcha hits you with a +7 giant club.
* * * LOW HITPOINT WARNING * * *
You closely miss Erolcha.
Erolcha is severely wounded.
Erolcha hits you with a +7 giant club!
* * * LOW HITPOINT WARNING * * *
You slash Erolcha!
Erolcha is almost dead.
Erolcha gestures wildly while chanting.
Erolcha blinks!
Erolcha points at you and mumbles some strange words.
The fireball explodes!
The fireball engulfs you!!
You die...

...#.....#...#...#......#
...#.....#...#...#......#
...#.....'...'...'......#
...#.....#...#...#......#
...#.....#...#...#......#
...###########.##########
...#...........>...#....#
...#..........ยง....#....#
...#............@..#....#
...##############'###'###
...#.......#............#
...#.......#........O...#
|..#.......'............#
...#####...#............#
...#...#...#...#...#....#
####...#########...######
...#...........)........#


You could see Erolcha (invisible).

Vanquished Creatures
  Harold (D:6)
  A centaur warrior (D:10)
  Joseph (D:7)
  A kobold demonologist (D:9)
  Grinder (D:6)
  A large abomination (Abyss:2)
  A shadow (D:5)
  2 wyverns (D:9)
  A human (D:10)
  7 yaks (D:9)
  4 steam dragons
  4 wargs (D:10)
  2 water moccasins
  4 orc warriors
  An ice beast (D:8)
  A sky beast (D:7)
  A black bear (D:5)
  A necrophage (D:6)
  7 centaurs
  6 ogres
  2 kobold brigands
  Blork the orc (D:6)
  2 gnoll sergeants (D:9)
  2 scorpions (D:6)
  A wyvern skeleton (D:7)
  9 killer bees
  5 wights (D:10)
  A howler monkey (D:5)
  5 jellies
  A centaur zombie (D:9)
  10 orc priests
  Crazy Yiuf (D:5)
  A gnoll shaman (D:6)
  2 hounds
  4 orc wizards
  5 iguanas
  15 gnolls
  9 adders
  An adder zombie (D:5)
  A worm (D:2)
  26 orcs
  5 ball pythons
  3 endoplasms
  2 giant cockroaches
  7 goblins
  7 hobgoblins
  7 quokkas
  5 bats
  4 frilled lizards
  15 kobolds
  7 rats
214 creatures vanquished.

Vanquished Creatures (others)
  A shadow (D:10)
  14 plants (D:5)
15 creatures vanquished.

Grand Total: 229 creatures vanquished

Notes
Turn   | Place    | Note
-------+----------+-------------------------------------------
     0 | D:1      | Crownlay the Hill Orc Fighter began the quest for the Orb.
     0 | D:1      | Reached XP level 1. HP: 19/19 MP: 1/1
    39 | D:1      | Reached skill level 3 in Axes
   130 | D:1      | Reached XP level 2. HP: 26/26 MP: 2/2
   194 | D:1      | Found Bysara's Distillery.
   309 | D:1      | Reached skill level 4 in Axes
   528 | D:1      | Found Areybiu's General Store.
   532 | D:1      | Bought a scroll of identify for 26 gold pieces
   608 | D:1      | Found Aptifona's General Store.
   809 | D:1      | Found Kaly Julucih's Book Boutique.
   815 | D:1      | Found Bepoipse's Weapon Shop.
  1184 | D:2      | Reached XP level 3. HP: 30/31 MP: 3/3
  1206 | D:2      | Reached skill level 5 in Axes
  1247 | D:2      | Reached XP level 4. HP: 18/39 MP: 4/4
  2044 | D:3      | Found a faded altar of an unknown god.
  2336 | D:3      | Reached skill level 6 in Axes
  2480 | D:4      | Found a radiant altar of Vehumet.
  2575 | D:4      | Reached XP level 5. HP: 20/45 MP: 5/5
  2577 | D:4      | Reached skill level 7 in Axes
  2904 | D:4      | Found a glowing silver altar of Zin.
  3303 | D:5      | Entered Level 5 of the Dungeon
  3340 | D:5      | Noticed a shadow
  3364 | D:5      | Killed a shadow
  3365 | D:5      | Reached skill level 9 in Axes
  3365 | D:5      | Reached XP level 6. HP: 48/51 MP: 6/6
  3390 | D:5      | Noticed a black bear
  3397 | D:5      | Killed a black bear
  3398 | D:5      | Reached XP level 7. HP: 48/57 MP: 7/7
  3505 | D:5      | Found a white marble altar of Elyvilon.
  3575 | D:5      | Found a runed translucent door.
  3576 | D:5      | Noticed Crazy Yiuf
  3588 | D:5      | Killed Crazy Yiuf
  3589 | D:5      | Reached skill level 10 in Axes
  3981 | D:5      | Reached skill level 11 in Axes
  4897 | D:6      | Reached XP level 8. HP: 46/64 MP: 8/8
  4990 | D:6      | Noticed Blork the orc
  5005 | D:6      | Killed Blork the orc
  5111 | D:6      | Reached skill level 12 in Axes
  5522 | D:6      | Noticed Grinder
  5524 | D:6      | Paralysed by Grinder for 4 turns
  5542 | D:6      | Killed Grinder
  5543 | D:6      | Reached skill level 13 in Axes
  7008 | D:7      | Noticed Harold
  7025 | D:6      | Reached skill level 14 in Axes
  7025 | D:6      | Reached XP level 9. HP: 36/71 MP: 9/9
  7037 | D:6      | Killed Harold
  7264 | D:6      | Reached skill level 5 in Shields
  7775 | D:7      | Found a staircase to the Ecumenical Temple.
  7789 | Temple   | Entered the Ecumenical Temple
  7937 | Temple   | Became a worshipper of Warmaster Okawaru
  7995 | D:7      | Noticed Joseph
  8020 | D:7      | Killed Joseph
  8549 | D:7      | Reached * piety under Okawaru
  8550 | D:7      | Reached XP level 10. HP: 88/90 MP: 10/10
  9504 | D:8      | Found a hazy altar of Hepliaklqana.
  9724 | D:8      | Found Yqonumes's Distillery.
  9811 | D:8      | Found a sacrificial altar of Ru.
  9811 | D:8      | Found a shadowy altar of Dithmenos.
  9811 | D:8      | Found a shimmering altar of Xom.
  9924 | D:8      | Reached skill level 10 in Fighting
 10363 | D:9      | Found the +2 cloak of the Thief {*Fog Slay-2 SInv Stlth+}
 10410 | D:9      | Noticed a kobold demonologist
 10411 | D:9      | Noticed a rust devil
 10420 | D:9      | Killed a kobold demonologist
 10420 | D:9      | Reached ** piety under Okawaru
 11283 | D:9      | Reached skill level 1 in Invocations
 12249 | D:9      | Reached *** piety under Okawaru
 12250 | D:9      | Reached skill level 10 in Shields
 12460 | D:10     | Entered Level 10 of the Dungeon
 12480 | D:10     | Reached XP level 11. HP: 24/99 MP: 12/14
 12778 | D:10     | Found a staircase to the Lair.
 13325 | D:10     | Reached skill level 5 in Invocations
 13535 | D:10     | Noticed a centaur warrior
 13542 | D:10     | Noticed a death knight
 13549 | D:10     | Killed a centaur warrior
 13983 | D:10     | Noticed Erolcha
 14407 | D:10     | Cast into level 2 of the Abyss (Erolcha)
 14443 | D:10     | Escaped the Abyss
 14460 | D:9      | Killed from afar by Erolcha

Illustrated notes

Levels and vault maps discovered:
D:1:      dpeg_arrival_pond, layout_loops_ring, serial_shops,
          nicolae_shop_competitors_out_of_business, shop, shop,
          nicolae_diamond_shop, nicolae_diamond_shop
D:2:      layout_basic, grunt_decor_one_mirror
D:3:      layout_basic, dreamdust_ecumenical_altar_statues
D:4:      layout_basic, mainiacjoe_overflow_catch_the_wave, bh_walls_and_bars
D:5:      layout_basic, old_standard_altar, chequers_big_river,
          lemuel_flame_loot_1, uniq_crazy_yiuf_cottage
D:6:      layout_loops_corners, uniq_blork_the_orc, uniq_grinder
D:7:      layout_gridville, minmay_temple_entry_statues, uniq_joseph,
          uniq_harold
D:8:      layout_gridville, gammafunk_temple_overflow_claw,
          mainiacjoe_overflow_cross_hatched, serial_shops, kennysheep_little_box
D:9:      layout_grid_maze
D:10:     layout_basic, erik_lair_orcish_takeover, erik_orc_4, serial_shops,
          shop, minmay_pinched_square, uniq_erolcha
Temple:   regret_index_temple_generic_petals

Skill      XL: |  1  2  3  4  5  6  7  8  9 10 11 |
---------------+----------------------------------+-----
Axes           | 3 4 5 6 9 11 14 | 14.0
Fighting       | 4 8 10 | 10.0
Shields        | 6 10 11 | 11.4
Invocations    | 4 6 |  6.3
Armour         | |  3.2

Action                   |  1- 3 |  4- 6 |  7- 9 | 10-12 || total
-------------------------+-------+-------+-------+-------++-------
Melee: War axe           |    91 |   113 |   274 |   426 ||   904
       Punch             |       |       |       |     2 ||     2
Throw: Throwing net      |       |       |     1 |       ||     1
Invok: Heroism           |       |       |       |     4 ||     4
Evoke: Wand              |       |       |       |     1 ||     1
  Use: Scroll            |     2 |     3 |       |     3 ||     8
       Potion            |       |       |     2 |     4 ||     6
 Stab: Held in net/web   |       |       |     2 |       ||     2
Armor: Scale mail        |    59 |    56 |   107 |   168 ||   390
Dodge: Dodged            |    62 |    70 |   126 |   239 ||   497
